[Event "47th GRE-chT 2019"]
[Site "Patra"]
[Date "2019.07.02"]
[Round "1.33"]
[White "Logothetis, Sotirios"]
[Black "Naoum, Spyridon"]
[Result "1-0"]
[ECO "A84"]
[WhiteElo "2173"]
[BlackElo "2299"]
[Annotator "NA"]
[PlyCount "91"]
[EventDate "2019.07.02"]
[EventCountry "GRE"]
[SourceTitle "playchess.com"]
[Source "ChessBase"]
[SourceQuality "1"]
[TimeControl "5400+30"]

1. d4 d5 2. Nf3 c6 3. c4 e6 4. e3 f5 5. Nc3 Nf6 6. Be2 Bd6 7. Ne5 O-O 8. O-O Nbd7 9. f4 Ne4 10. Nxe4 fxe4 11. Bd2 Nf6 12. b4 Bd7 13. a4 a6 14. c5 Bc7 15. b5 cxb5 16. Nxd7 Qxd7 17. axb5 axb5 18. Qb3 h5 19. Qxb5 Qf7 20. Ba5 Bb8 21. Bc3 Rxa1 22. Bxa1 h4 23. Bc3 g5 24. fxg5 Qc7 25. Rf4 Nh7 26. Ba5 Qe7 27. Rxf8+ Nxf8 28. g6 Qg5 29. Bd2 h3 30. g4 Qe7 31. Be1 Qd7 32. Qxd7 Nxd7 33. Bf1 e5 34. Bxh3 exd4 35. exd4 Bf4 36. g5 Nf8 37. Bc8 Be3+ 38. Bf2 Bd2 39. Kf1 Nxg6 40. Be6+ Kf8 41. Bxd5 e3 42. Bg3 Bc3 43. Bxb7 Bxd4 44. c6 Kf7 45. c7 Ne7 46. c8=Q 1-0

[Event "47th GRE-chT 2019"]
[Site "Patra"]
[Date "2019.07.02"]
[Round "1.34"]
[White "Papadopoulos, Argirios"]
[Black "Mathioulakis, Fanis"]
[Result "1/2-1/2"]
[ECO "B38"]
[WhiteElo "2222"]
[BlackElo "1852"]
[Annotator "NA"]
[PlyCount "67"]
[EventDate "2019.07.02"]
[EventCountry "GRE"]
[SourceTitle "playchess.com"]
[Source "ChessBase"]
[SourceQuality "1"]
[TimeControl "5400+30"]

1. e4 c5 2. Nf3 Nc6 3. d4 cxd4 4. Nxd4 g6 5. c4 Bg7 6. Be3 Nf6 7. Nc3 O-O 8. Be2 d6 9. O-O Bd7 10. h3 Nxd4 11. Bxd4 Bc6 12. Qd3 a5 13. b3 Nd7 14. Bxg7 Kxg7 15. Bg4 Nc5 16. Qe3 e5 17. f4 exf4 18. Rxf4 Qe7 19. Rd1 f5 20. Qd4+ Qe5 21. exf5 h5 22. Be2 Ne6 23. Qxe5+ dxe5 24. Rf2 Rxf5 25. Rxf5 gxf5 26. Kf2 h4 27. a3 Nd4 28. b4 axb4 29. axb4 Ra3 30. Rc1 Nb3 31. Rc2 Nd4 32. Rc1 Nb3 33. Rd1 Nd4 34. Rc1 1/2-1/2

[Event "47th GRE-chT 2019"]
[Site "Patra"]
[Date "2019.07.02"]
[Round "1.35"]
[White "Agnanti, Danai"]
[Black "Antova, Gabriela"]
[Result "0-1"]
[ECO "B80"]
[WhiteElo "1688"]
[BlackElo "2257"]
[Annotator "NA"]
[PlyCount "64"]
[EventDate "2019.07.02"]
[EventCountry "GRE"]
[SourceTitle "playchess.com"]
[Source "ChessBase"]
[SourceQuality "1"]
[TimeControl "5400+30"]

1. e4 c5 2. Nf3 d6 3. d4 cxd4 4. Nxd4 Nf6 5. Nc3 a6 6. Be3 e6 7. f3 b5 8. Qd2 Nbd7 9. g4 Nb6 10. g5 Nfd7 11. O-O-O Bb7 12. Qf2 Rc8 13. Bh3 Rxc3 14. bxc3 Na4 15. Nxe6 fxe6 16. Bxe6 Nxc3 17. Rd3 Qa5 18. Bd4 b4 19. Bxc3 bxc3 20. Qa7 Qb4 21. Rxc3 Qxc3 22. Qxb7 Qa3+ 23. Kd2 Qa5+ 24. Ke3 Qxg5+ 25. Kf2 Qb5 26. Qa8+ Ke7 27. Bd5 g6 28. c4 Qb6+ 29. Kg3 Bg7 30. Qc6 Be5+ 31. Kg4 Qf2 32. Rb1 Qg2+ {[%emt 0:00:16] Ra1} 0-1

[Event "47th GRE-chT 2019"]
[Site "Patra"]
[Date "2019.07.02"]
[Round "1.36"]
[White "Vozinaki, Anthi - Maria"]
[Black "Petraki, Argiro"]
[Result "1-0"]
[ECO "B27"]
[WhiteElo "2054"]
[BlackElo "1701"]
[Annotator "NA"]
[PlyCount "47"]
[EventDate "2019.07.02"]
[EventCountry "GRE"]
[SourceTitle "playchess.com"]
[Source "ChessBase"]
[SourceQuality "1"]
[TimeControl "5400+30"]

1. e4 c5 2. Nf3 b6 3. d4 cxd4 4. Nxd4 Bb7 5. Nc3 a6 6. Be3 e6 7. Qd2 Qc7 8. Bd3 Nf6 9. f3 Bb4 10. O-O O-O 11. Qf2 Bxc3 12. bxc3 d5 13. Qh4 dxe4 14. fxe4 Nbd7 15. Rae1 Qe5 16. Bg5 h6 17. Bf4 Qc5 18. e5 Qxc3 19. Bxh6 Nxe5 20. Bxg7 Ng6 21. Bxg6 fxg6 22. Qh8+ Kf7 23. Rxf6+ Ke7 24. Bxf8+ 1-0

[Event "47th GRE-chT 2019"]
[Site "Patra"]
[Date "2019.07.02"]
[Round "1.37"]
[White "Skaraki, Georgia"]
[Black "Karavitaki, Antonia"]
[Result "0-1"]
[ECO "B38"]
[WhiteElo "1257"]
[BlackElo "1481"]
[Annotator "NA"]
[PlyCount "96"]
[EventDate "2019.07.02"]
[EventCountry "GRE"]
[SourceTitle "playchess.com"]
[Source "ChessBase"]
[SourceQuality "1"]
[TimeControl "5400+30"]

1. c4 c5 2. Nf3 Nc6 3. d4 cxd4 4. Nxd4 g6 5. e4 Bg7 6. Be3 Nf6 7. Nc3 O-O 8. h3 d6 9. Be2 Bd7 10. O-O Nxd4 11. Bxd4 Bc6 12. Bf3 Nd7 13. Bxg7 Kxg7 14. b4 Ne5 15. Be2 a5 16. a3 f5 17. Qd4 Kg8 18. b5 Be8 19. Nd5 Rc8 20. Nf4 Qd7 21. Nd5 Rc5 22. exf5 gxf5 23. Nf4 Bf7 24. Rac1 Qc7 25. Nd5 Bxd5 26. Qd2 Bf7 27. Qg5+ Bg6 28. Qf4 Rc8 29. Kh2 Nxc4 30. Bxc4+ Rxc4 31. Rxc4 Qxc4 32. Qxc4+ Rxc4 33. Re1 Kf7 34. Re3 d5 35. Kg3 f4+ 36. Kf3 fxe3 37. Kxe3 d4+ 38. Kd2 Ra4 39. f4 Rxa3 40. h4 Rc3 41. g4 a4 42. f5 Bxf5 43. gxf5 a3 44. f6 a2 45. fxe7 Kxe7 46. h5 a1=Q 47. h6 Qb2+ 48. Kd1 Rc1# 0-1

[Event "47th GRE-chT 2019"]
[Site "Patra"]
[Date "2019.07.02"]
[Round "1.38"]
[White "Georgakopoulos, Nikolaos K."]
[Black "Petrakis, Stylianos"]
[Result "0-1"]
[ECO "A26"]
[WhiteElo "2041"]
[BlackElo "2002"]
[Annotator "NA"]
[PlyCount "56"]
[EventDate "2019.07.02"]
[EventCountry "GRE"]
[SourceTitle "playchess.com"]
[Source "ChessBase"]
[SourceQuality "1"]
[TimeControl "5400+30"]

1. c4 Nf6 2. Nc3 g6 3. g3 Bg7 4. Bg2 O-O 5. e4 e5 6. Nge2 d6 7. d3 Be6 8. O-O Qd7 9. f4 Nc6 10. Kh1 Bh3 11. Be3 Bxg2+ 12. Kxg2 Ng4 13. Bg1 f5 14. fxe5 dxe5 15. Nd5 Ne7 16. Nxe7+ Qxe7 17. h3 Nh6 18. Be3 g5 19. Bg1 Rad8 20. Nc3 Qd7 21. Qb3 f4 22. Qxb7 f3+ 23. Kh2 Ng4+ 24. hxg4 Qxg4 25. Bc5 Rf6 26. Ne2 Rh6+ 27. Kg1 fxe2 28. Rf2 Qxg3+ 0-1

[Event "47th GRE-chT 2019"]
[Site "Patra"]
[Date "2019.07.02"]
[Round "1.39"]
[White "Galanakis, Nikolaos"]
[Black "Patrelakis, Evaggelos"]
[Result "0-1"]
[ECO "B80"]
[WhiteElo "1565"]
[BlackElo "2220"]
[Annotator "NA"]
[PlyCount "82"]
[EventDate "2019.07.02"]
[EventCountry "GRE"]
[SourceTitle "playchess.com"]
[Source "ChessBase"]
[SourceQuality "1"]
[TimeControl "5400+30"]

1. e4 c5 2. Nf3 d6 3. d4 cxd4 4. Nxd4 Nf6 5. Nc3 e6 6. Be3 a6 7. f3 b5 8. Qd2 Nbd7 9. a4 b4 10. Na2 d5 11. Bd3 dxe4 12. fxe4 Nxe4 13. Bxe4 Qh4+ 14. g3 Qxe4 15. O-O-O Qb7 16. Rhe1 b3 17. Nxb3 Be7 18. Qc3 O-O 19. Na5 Qf3 20. Nc6 Bf6 21. Bd4 Qxc3 22. Nxc3 Bb7 23. Ne5 Nxe5 24. Bxe5 Bg5+ 25. Kb1 Rfd8 26. Bc7 Rdc8 27. Bb6 Rc4 28. Rd4 Rxd4 29. Bxd4 Rc8 30. Ne4 Be7 31. b3 f6 32. Kb2 Kf7 33. c3 e5 34. Bf2 f5 35. Nd2 e4 36. Nc4 Ke6 37. Bd4 g5 38. Rd1 Rd8 39. Na5 Ba8 40. b4 f4 41. gxf4 gxf4 0-1

[Event "47th GRE-chT 2019"]
[Site "Patra"]
[Date "2019.07.02"]
[Round "1.40"]
[White "Antonioudakis, Georgios"]
[Black "Violakis, Anastasios"]
[Result "1-0"]
[ECO "B70"]
[WhiteElo "1385"]
[BlackElo "1431"]
[Annotator "NA"]
[PlyCount "81"]
[EventDate "2019.07.02"]
[EventCountry "GRE"]
[SourceTitle "playchess.com"]
[Source "ChessBase"]
[SourceQuality "1"]
[TimeControl "5400+30"]

1. e4 g6 2. d4 Bg7 3. Nc3 d6 4. Bc4 Nf6 5. Nge2 O-O 6. O-O Nbd7 7. h3 c5 8. Bb3 cxd4 9. Nxd4 Nc5 10. Re1 Bd7 11. Bg5 Bc8 12. Bc1 Bd7 13. Bg5 Bc6 14. Nxc6 bxc6 15. Qe2 h6 16. Be3 Ncd7 17. Rad1 Qc7 18. f4 Rad8 19. Bc1 Ne8 20. Qg4 Qb8 21. Qxg6 Qxb3 22. Qxg7+ Nxg7 23. axb3 Nb6 24. Be3 e6 25. Ra1 Rd7 26. Ra6 Rb8 27. Rea1 Rbb7 28. Bxb6 axb6 29. Ra8+ Kh7 30. Rc8 Rdc7 31. Raa8 b5 32. Rh8+ Kg6 33. Rag8 f6 34. g4 Kf7 35. e5 fxe5 36. Ne4 Rd7 37. g5 h5 38. Nf6 Re7 39. Ne4 Red7 40. Rf8+ Ke7 41. g6 1-0

[Event "47th GRE-chT 2019"]
[Site "Patra"]
[Date "2019.07.03"]
[Round "2.2"]
[White "Galopoulos, Nikolaos"]
[Black "Shoker, Samy"]
[Result "0-1"]
[ECO "A41"]
[WhiteElo "2361"]
[BlackElo "2496"]
[Annotator "ChessBase"]
[PlyCount "90"]
[EventDate "2019.07.02"]
[EventCountry "GRE"]
[SourceTitle "playchess.com"]
[Source "ChessBase"]
[SourceQuality "1"]
[TimeControl "5400+30"]

1. d4 d6 2. Nf3 Nf6 3. g3 g6 4. Bg2 Bg7 5. O-O O-O 6. b3 c6 7. Bb2 Qa5 8. Nbd2 Qh5 9. e4 Bg4 10. Qe2 a5 11. Rfe1 Na6 12. Rab1 d5 13. exd5 Nxd5 14. a3 a4 15. c4 Ndc7 16. bxa4 Bf5 17. Rbc1 Nc5 18. Qxe7 N7e6 19. Rxe6 Nxe6 20. Bc3 Rab8 21. d5 Rfe8 22. Qb4 Bf8 23. d6 Red8 24. c5 b6 25. Ne5 bxc5 26. Qxb8 Rxb8 27. Nd7 Bg7 28. Bxg7 Kxg7 29. Nxb8 Qg5 30. Rd1 Qd8 31. Nxc6 Qxd6 32. Na5 Bc2 33. Nac4 Qd4 34. Rc1 Bxa4 35. Nf3 Qd8 36. Nfe5 Nd4 37. Rb1 Bc2 38. Re1 Bb3 39. Ne3 Qa5 40. Ra1 Qc3 41. Rb1 Ba2 42. Rb7 Qa1+ 43. Bf1 Ne2+ 44. Kg2 Nxg3 45. Bc4 Bxc4 0-1

[Event "47th GRE-chT 2019"]
[Site "Patra"]
[Date "2019.07.03"]
[Round "2.3"]
[White "Kourousis, Epaminondas"]
[Black "Sandalakis, Angelos"]
[Result "0-1"]
[ECO "E16"]
[WhiteElo "2394"]
[BlackElo "2429"]
[Annotator "NA"]
[PlyCount "76"]
[EventDate "2019.07.02"]
[EventCountry "GRE"]
[SourceTitle "playchess.com"]
[Source "ChessBase"]
[SourceQuality "1"]
[TimeControl "5400+30"]

1. d4 Nf6 2. c4 e6 3. g3 d5 4. Bg2 Bb4+ 5. Nd2 O-O 6. Ngf3 b6 7. cxd5 exd5 8. O-O Bb7 9. Ne5 Nbd7 10. Ndf3 {[%emt 0:02:13] E16: Queen's Indian: 4 g3 Bb7 5 Bg2 Bb4+} (10. Qa4 Qe7 11. Ndf3 Bd6 12. Nxd7 Nxd7 13. Bf4 Bxf4 14. gxf4 c5 15. e3 Rfc8 16. Rfd1 c4 17. a3 Bc6 {0-1 (49) Melkumyan,H (2619)-Matlakov,M (2707) Karlsruhe 2017}) 10... Bd6 11. Bg5 Qe8 12. Bf4 Ne4 13. Nxd7 $146 ({Predecessor:} 13. Nd3 Qe7 14. Nd2 Rfe8 15. Re1 c5 16. dxc5 Ndxc5 17. Bxd6 Qxd6 18. Nxc5 Qxc5 {1-0 (49) Anastasian,A (2552)-Loew,G (2285) Dresden 2007}) 13... Qxd7 14. Bxd6 Qxd6 15. Qa4 c5 16. dxc5 bxc5 17. Qc2 Rfd8 18. Nd2 Nf6 19. Rac1 Rac8 20. Nb3 Ba6 21. Nxc5 Bxe2 22. Qxe2 Rxc5 23. Rxc5 Qxc5 $11 24. Qd2 d4 25. Qd3 g6 26. a3 Ng4 27. b4 Qd6 28. Re1 Ne5 29. Qb5 f6 30. f4 Ng4 31. Qc6 Qxc6 32. Bxc6 d3 33. Re8+ Rxe8 34. Bxe8 Ne3 35. Ba4 d2 36. Kf2 d1=Q 37. Bxd1 Nxd1+ 38. Ke2 Nb2 0-1

[Event "47th GRE-chT 2019"]
[Site "Patra"]
[Date "2019.07.03"]
[Round "2.3"]
[White "Georgiev, Krum"]
[Black "Giannoulakis, Lampros"]
[Result "1/2-1/2"]
[ECO "B51"]
[WhiteElo "2323"]
[BlackElo "2305"]
[Annotator "NA"]
[PlyCount "78"]
[EventDate "2019.07.02"]
[EventCountry "GRE"]
[SourceTitle "playchess.com"]
[Source "ChessBase"]
[SourceQuality "1"]
[TimeControl "5400+30"]

1. e4 c5 2. Nf3 d6 3. Bb5+ Nd7 4. d4 cxd4 5. Qxd4 a6 6. Bxd7+ Bxd7 7. Nc3 e5 8. Qd3 h6 9. Nd2 Rc8 10. O-O Nf6 11. Nd1 Be7 12. b3 O-O 13. Bb2 b5 14. Ne3 Qb6 15. Kh1 Be6 $15 16. f4 exf4 17. Rxf4 Nd7 18. Nf3 Qc5 19. Bd4 Qc7 20. Bb2 Ne5 21. Qd2 Bg5 22. Nxg5 hxg5 23. Rf2 f6 24. a4 Qc6 25. axb5 axb5 26. Qd4 Rfd8 27. Rd2 Rd7 28. h3 Qb7 29. Rad1 Nc6 30. Qd3 Nb4 31. Qe2 Rcd8 32. Ba3 Na6 33. Bxd6 Qxe4 34. Qxb5 Nb8 35. Bxb8 Rxd2 36. Rxd2 Rxd2 37. Qe8+ Kh7 38. Qh5+ Kg8 39. Qe8+ Kh7 1/2-1/2

[Event "47th GRE-chT 2019"]
[Site "Patra"]
[Date "2019.07.03"]
[Round "2.4"]
[White "Kanakaris, Georgios"]
[Black "Poulopoulos, Ioannis"]
[Result "1/2-1/2"]
[ECO "D37"]
[WhiteElo "2409"]
[BlackElo "2260"]
[Annotator "NA"]
[PlyCount "65"]
[EventDate "2019.07.02"]
[EventCountry "GRE"]
[SourceTitle "playchess.com"]
[Source "ChessBase"]
[SourceQuality "1"]
[TimeControl "5400+30"]

1. Nf3 Nf6 2. c4 e6 3. d4 a6 4. Nc3 d5 5. cxd5 exd5 6. Bg5 {[%emt 0:01:44] D37: Queen's Gambit Declined: 5 Bf4} Be6 7. e3 Nbd7 8. Bd3 h6 9. Bh4 g5 10. Bg3 Nh5 11. e4 (11. Ne2 Nxg3 12. Nxg3 {1-0 (61) Leko,P (2679)-Caruana,F (2832) Germany 2019}) 11... Nxg3 $146 ({Predecessor:} 11... dxe4 12. Bxe4 Nxg3 {½-½ (47) Checa,N (2400)-Garcia Cardenas,P (2424) chess.com INT 2017}) 12. hxg3 dxe4 13. Bxe4 c6 14. d5 cxd5 15. Bxd5 Bxd5 16. Qxd5 Qe7+ 17. Kf1 O-O-O 18. Re1 Qf6 19. Qc4+ $11 Kb8 20. g4 Bg7 21. Rh3 Rhe8 22. Rxe8 Rxe8 23. Rg3 Nb6 24. Qb3 Qf4 25. Kg1 Nc4 26. Qc2 h5 27. Nd5 Qe4 28. Qxe4 Rxe4 29. gxh5 g4 30. h6 Bxh6 31. Nf6 Re2 32. Rxg4 Nxb2 33. Ne5 1/2-1/2

[Event "47th GRE-chT 2019"]
[Site "Patra"]
[Date "2019.07.03"]
[Round "2.4"]
[White "Tsekmes, Dimitrios"]
[Black "Mavrikakis, Georgios"]
[Result "1/2-1/2"]
[ECO "B01"]
[WhiteElo "2172"]
[BlackElo "2022"]
[Annotator "NA"]
[PlyCount "106"]
[EventDate "2019.07.02"]
[EventCountry "GRE"]
[SourceTitle "playchess.com"]
[Source "ChessBase"]
[SourceQuality "1"]
[TimeControl "5400+30"]

1. e4 d5 2. exd5 Qxd5 3. Nc3 Qa5 4. d4 Nf6 5. Bc4 c6 6. Bd2 Bf5 7. Nf3 e6 8. Qe2 Bb4 9. O-O-O Nbd7 10. a3 Bxc3 11. Bxc3 Qc7 12. Ne5 Nxe5 {[%emt 0:04:12] B01: Scandinavian Defence} (12... Nd5 13. Bd2 Nxe5 14. dxe5 h6 15. g4 Bh7 16. h4 O-O-O 17. h5 c5 18. g5 Bf5 19. gxh6 gxh6 20. Rhg1 {½-½ (33) Gomez,J (2460)-Megaranto,S (2523) Ulaanbaatar 2019}) 13. Qxe5 Qxe5 14. dxe5 Nd5 15. Bd2 O-O-O 16. Be2 c5 17. b3 $146 ({Predecessor:} 17. Bg5 Rd7 18. c4 Nb6 19. Be3 Rxd1+ 20. Rxd1 {½-½ (37) Bowmer,K (2090)-McKerracher,D (1973) Aberystwyth 2014}) 17... h6 18. Kb2 Rd7 19. c4 Ne7 20. Be3 b6 21. Rxd7 Kxd7 22. Kc3 Nc6 23. f4 a5 24. Bf3 $16 Kc7 25. Rd1 Rd8 26. Rxd8 Nxd8 27. b4 axb4+ 28. axb4 cxb4+ 29. Kxb4 Nc6+ 30. Kc3 Nb8 31. g4 Bg6 32. Bc1 Na6 33. Ba3 Nc5 34. Bd1 Bb1 35. Kd4 Nd7 36. Bd6+ Kc8 37. Bf3 g6 38. Kc3 Kd8 39. h4 Ke8 40. Bc7 Ke7 41. Bc6 Ke8 42. Kb4 Ke7 43. Ba4 Bd3 44. Kb5 f6 45. exf6+ Nxf6 46. Bxb6 Nxg4 47. Bd4 e5 48. fxe5 Ke6 49. Kb4 Nxe5 50. c5 g5 51. hxg5 hxg5 52. Bb3+ Kf5 53. Kc3 Bb5 1/2-1/2

[Event "47th GRE-chT 2019"]
[Site "Patra"]
[Date "2019.07.03"]
[Round "2.5"]
[White "Szczepkowska, Karina"]
[Black "Kantane, Anna"]
[Result "1-0"]
[ECO "E70"]
[WhiteElo "2425"]
[BlackElo "2288"]
[Annotator "NA"]
[PlyCount "67"]
[EventDate "2019.07.02"]
[EventCountry "GRE"]
[SourceTitle "playchess.com"]
[Source "ChessBase"]
[SourceQuality "1"]
[TimeControl "5400+30"]

1. d4 Nf6 2. c4 g6 3. Nc3 Bg7 4. e4 O-O 5. Nf3 c6 6. Bd3 d6 7. h3 e5 8. d5 cxd5 9. cxd5 Nh5 10. Bg5 Bf6 11. Bh6 Bg7 12. Bg5 Bf6 13. Be3 Bg7 14. Rc1 Na6 15. g3 $11 Nc5 16. Be2 f5 17. exf5 gxf5 18. Ng5 f4 19. Bxc5 Qxg5 20. Ne4 Qg6 21. Nxd6 fxg3 22. Bxh5 gxf2+ 23. Kf1 Qh6 24. Nxc8 Raxc8 25. Bg4 Rxc5 26. Rxc5 Qa6+ 27. Kg2 Qxa2 28. Rc2 e4 29. Be6+ Kh8 30. Qe2 Qa4 31. Rc4 Qe8 32. Rxe4 Qg6+ 33. Rg4 Qf6 34. Rf1 1-0

[Event "47th GRE-chT 2019"]
[Site "Patra"]
[Date "2019.07.03"]
[Round "2.5"]
[White "Stoumbou, Eleni"]
[Black "Paehtz, Elisabeth"]
[Result "0-1"]
[ECO "B01"]
[WhiteElo "1820"]
[BlackElo "2473"]
[Annotator "ChessBase"]
[PlyCount "120"]
[EventDate "2019.07.02"]
[EventCountry "GRE"]
[SourceTitle "playchess.com"]
[Source "ChessBase"]
[SourceQuality "1"]
[TimeControl "5400+30"]

1. e4 d5 2. exd5 Qxd5 3. Nc3 Qd6 4. d4 Nf6 5. Bc4 a6 6. Nge2 Qc6 7. Qd3 Qxg2 8. Rg1 Qh3 9. Bf4 Qxd3 10. cxd3 c6 11. d5 g6 12. Na4 Nfd7 13. d4 b5 14. dxc6 Nxc6 15. Bd5 Bb7 16. Nc5 Nxc5 17. dxc5 Bg7 18. O-O-O Rc8 19. b4 O-O 20. a3 Rfd8 21. Bg5 Kf8 22. Rge1 h6 23. Be3 Rxd5 24. Rxd5 Nxb4 25. Rd7 Bc6 26. Rd2 Nd5 27. Red1 e6 28. Bf4 Nxf4 29. Nxf4 Bf6 30. Nd3 Bf3 31. Rg1 Bg5 32. Rxg5 hxg5 33. Kb2 Be4 34. Ne5 f6 35. Nd7+ Ke7 36. Nb6 Rc7 37. Kb3 a5 38. Rd1 f5 39. Rc1 Bd3 40. Rc3 Bf1 41. Rc1 Be2 42. a4 f4 43. Re1 f3 44. Rc1 g4 45. axb5 Bxb5 46. Na4 e5 47. Nb2 Be2 48. Ka4 Rb7 49. Rc2 e4 50. c6 Rb8 51. c7 Rc8 52. Rc3 Kd6 53. Nc4+ Bxc4 54. Rxc4 Rxc7 55. Rxe4 Kd5 56. Re8 Rc2 57. Rg8 Rxf2 58. Rxg6 Rg2 59. Kxa5 f2 60. Rf6 Rxh2 0-1

[Event "47th GRE-chT 2019"]
[Site "Patra"]
[Date "2019.07.03"]
[Round "2.6"]
[White "Tsolakidou, Stavroula"]
[Black "Grammatikaki, Aggeliki"]
[Result "1-0"]
[ECO "E16"]
[WhiteElo "2423"]
[BlackElo "1672"]
[Annotator "NA"]
[PlyCount "61"]
[EventDate "2019.07.02"]
[EventCountry "GRE"]
[SourceTitle "playchess.com"]
[Source "ChessBase"]
[SourceQuality "1"]
[TimeControl "5400+30"]

1. d4 Nf6 2. c4 e6 3. g3 Bb4+ 4. Nd2 O-O 5. Bg2 d5 6. Ngf3 b6 7. O-O Bb7 8. Ne5 Nbd7 9. Qa4 Bxd2 10. Bxd2 Nxe5 11. dxe5 Nd7 12. Bc3 $11 Nc5 13. Qc2 Qg5 14. cxd5 Bxd5 15. e4 Bb7 16. f4 Qg6 17. Bb4 Rfd8 18. Bxc5 bxc5 19. Rfe1 f6 20. exf6 gxf6 21. Qb3 Rab8 22. Qxe6+ Qf7 23. Qxf7+ Kxf7 24. Red1 Rd4 25. Rac1 Rxd1+ 26. Rxd1 Re8 27. Rd7+ Re7 28. Rxe7+ Kxe7 29. Kf2 Ke6 30. Ke3 f5 31. exf5+ {[%emt 0:00:40] Kd5 Ke4+} 1-0

[Event "47th GRE-chT 2019"]
[Site "Patra"]
[Date "2019.07.03"]
[Round "2.6"]
[White "Mastrakouli, Evagelia"]
[Black "Louka, Magdalini"]
[Result "1-0"]
[ECO "D15"]
[WhiteElo "1788"]
[BlackElo "1766"]
[Annotator "NA"]
[PlyCount "127"]
[EventDate "2019.07.02"]
[EventCountry "GRE"]
[SourceTitle "playchess.com"]
[Source "ChessBase"]
[SourceQuality "1"]
[TimeControl "5400+30"]

1. d4 d5 2. c4 c6 3. Nc3 Nf6 4. Nf3 a6 5. a4 e6 6. Bg5 Be7 7. cxd5 exd5 8. Qc2 O-O 9. e3 Re8 10. Bd3 h6 11. Bh4 Nbd7 12. O-O Ne4 13. Bg3 Nxg3 14. hxg3 Bd6 15. Nh4 Nf6 16. Nf5 Bxf5 17. Bxf5 Qe7 18. Rfb1 a5 19. Qd2 Bb4 20. Qc2 Bd6 21. Qd2 Bb4 22. Qe2 Ne4 23. Bxe4 dxe4 24. Na2 Bd6 25. Qc4 Qd7 26. b4 b5 27. axb5 cxb5 28. Qd5 a4 29. Nc3 Qe7 30. Nxb5 Bxb4 31. Qc4 Bd6 32. Nxd6 Qxd6 33. Rxa4 Rxa4 34. Qxa4 Rc8 35. Qa5 Qc7 36. Qf5 Re8 37. Rb5 g6 38. Qd5 Qd8 39. Qc6 Qc8 40. Qd6 Qe6 41. Qf4 g5 42. Qc7 Rc8 43. Rb8 Rxb8 44. Qxb8+ Kg7 45. Qb2 Qd5 46. Qb6 Qf5 47. Kf1 Qg4 48. Qb1 Qe6 49. Qd1 Qc4+ 50. Ke1 Qc3+ 51. Qd2 Qa1+ 52. Qd1 Qc3+ 53. Kf1 Qc4+ 54. Kg1 Qd5 55. f3 Qe6 56. d5 Qe8 57. Qd4+ Kg6 58. Qxe4+ Qxe4 59. fxe4 Kf6 60. Kf2 g4 61. Ke2 Ke5 62. Kd3 f6 63. Kc4 Kd6 64. Kd4 1-0

[Event "47th GRE-chT 2019"]
[Site "Patra"]
[Date "2019.07.03"]
[Round "2.7"]
[White "Kouta, Antonia"]
[Black "Giannoulaki, Ermofili"]
[Result "1-0"]
[ECO "B01"]
[WhiteElo "1762"]
[BlackElo "1269"]
[Annotator "NA"]
[PlyCount "69"]
[EventDate "2019.07.02"]
[EventCountry "GRE"]
[SourceTitle "playchess.com"]
[Source "ChessBase"]
[SourceQuality "1"]
[TimeControl "5400+30"]

1. e4 d5 2. exd5 Qxd5 3. Nf3 Bg4 4. Be2 Nc6 5. O-O O-O-O 6. h3 Bh5 7. Nc3 Qd7 8. b4 Nxb4 9. Ne5 Bxe2 10. Qxe2 Qe6 11. Qb5 Nd5 12. Rb1 Nb6 13. Nd3 a6 14. Qb4 Qc4 15. Qb2 Nf6 16. a4 a5 17. Re1 Nfd7 18. Ne5 Qe6 19. Qb5 f6 20. Nd3 Qc4 21. Qxa5 e5 22. Re4 Qc6 23. Nb4 Bxb4 24. Rexb4 Nc5 25. Rb5 Ne4 26. Nxe4 Qxe4 27. R5b4 Qxc2 28. Qb5 Rd5 29. Qe2 Nxa4 30. Kh2 Nc3 31. Qc4 Rxd2 32. Bxd2 Qxd2 33. Rxb7 Qf4+ 34. Qxf4 exf4 35. R1b3 1-0

[Event "47th GRE-chT 2019"]
[Site "Patra"]
[Date "2019.07.03"]
[Round "2.7"]
[White "Kratimenou, Maria"]
[Black "Tsivelekidou, Evgenia"]
[Result "0-1"]
[ECO "C49"]
[WhiteElo "1285"]
[BlackElo "1956"]
[Annotator "NA"]
[PlyCount "130"]
[EventDate "2019.07.02"]
[EventCountry "GRE"]
[SourceTitle "playchess.com"]
[Source "ChessBase"]
[SourceQuality "1"]
[TimeControl "5400+30"]

1. e4 e5 2. Nf3 Nc6 3. Nc3 Nf6 4. Bb5 Bb4 5. O-O O-O 6. d3 Bxc3 7. bxc3 d6 8. Re1 Bg4 9. h3 Bh5 10. Bxc6 bxc6 11. d4 Qe7 12. Qd3 Bxf3 13. Qxf3 Nd7 14. Ba3 $11 Nb6 15. Qd3 Qe6 16. Red1 f5 17. f3 f4 18. d5 cxd5 19. exd5 Qd7 20. c4 Qa4 21. c5 Nc4 22. Qb3 Qxa3 23. Qxc4 Qxc5+ 24. Qxc5 dxc5 25. Rab1 Rab8 26. Rb3 c4 27. Ra3 Rb7 28. Ra4 Rd8 29. Rxc4 Kf7 30. Kf2 Rd7 31. Rc5 Rb2 32. a4 Rb4 33. a5 e4 34. fxe4 Rxe4 35. Kf3 Rb4 36. Rd3 h6 37. c4 g5 38. Rc6 Kg7 39. Rc3 Rb7 40. a6 Rb1 41. Rd3 h5 42. d6 cxd6 43. Rcxd6 Re7 44. Rd1 Re3+ 45. Kf2 Rb2+ 46. R1d2 Rxd2+ 47. Rxd2 Rc3 48. Rd7+ Kg6 49. Rxa7 Rxc4 50. Rb7 Ra4 51. a7 g4 52. hxg4 hxg4 53. Rb6+ Kf5 54. Rb5+ Ke6 55. Rb4 Ra2+ 56. Kf1 Kf5 57. Rb5+ Kg6 58. Rb4 Kg5 59. Rb5+ Kh4 60. Rb7 Kg3 61. Rb3+ f3 62. gxf3 gxf3 63. Re3 Ra1+ 64. Re1 Rxa7 65. Rd1 Rh7 0-1

[Event "47th GRE-chT 2019"]
[Site "Patra"]
[Date "2019.07.03"]
[Round "2.8"]
[White "Zisiadis, Dimitrios"]
[Black "Michaelides, Konstantinos"]
[Result "0-1"]
[ECO "A13"]
[WhiteElo "2082"]
[BlackElo "2128"]
[Annotator "NA"]
[PlyCount "88"]
[EventDate "2019.07.02"]
[EventCountry "GRE"]
[SourceTitle "playchess.com"]
[Source "ChessBase"]
[SourceQuality "1"]
[TimeControl "5400+30"]

1. Nf3 Nf6 2. c4 e6 3. g3 a6 4. b3 b5 5. Nc3 d5 6. cxd5 exd5 7. d4 Be7 8. Bg2 O-O 9. O-O Bb7 $11 10. Ne5 c5 11. dxc5 Bxc5 12. Nd3 Bd4 13. Bb2 Ne4 14. Rc1 Qb6 15. e3 Bf6 16. Qg4 Re8 17. Rfd1 g6 18. Ba1 h5 19. Qe2 Nxc3 20. Bxc3 d4 21. Bxb7 Qxb7 22. Nc5 Qd5 23. Ba1 Nc6 24. Qb2 Qf3 25. Re1 dxe3 26. Qe2 exf2+ 27. Qxf2 Rxe1+ 28. Rxe1 Qxf2+ 29. Kxf2 Bxa1 30. Rxa1 a5 31. Rc1 Ne5 32. h3 Rc8 33. Ke3 Nc4+ 34. Kd4 Nd6 35. Kd5 Nf5 36. Rg1 Ne3+ 37. Kd6 Nf5+ 38. Kd5 Kf8 39. g4 Ne7+ 40. Kd4 Nc6+ 41. Kd5 hxg4 42. hxg4 Nb4+ 43. Kd4 Nxa2 44. Nb7 Nc1 0-1